 Dungeon Crawl Stone Soup version 0.29.1-1-gd02db6906a (webtiles) character file.

Game seed: 5762719398839242831

2 hawla the Ducker (level 1, 0/10 HPs)
             Began as a Felid Berserker on Oct 12, 2022.
             Was a Follower of Trog.
             Slain by a jackal (3 damage)
             ... on level 1 of the Dungeon.
             The game lasted 00:00:27 (91 turns).

hawla the Ducker (Felid Berserker)                    Turns: 91, Time: 00:00:27

Health: 0/10       AC:  1    Str: 13    XL:     1   Next: 25%
Magic:  2/2        EV: 18    Int:  8    God:    Trog [*.....]
Gold:   11         SH:  0    Dex: 15    Spells: 0/0 levels left
                                        Lives:  0   Deaths: 0

rFire   . . .      SeeInvis +     - Unarmed
rCold   . . .      Faith    .   (shield unavailable)
rNeg    . . .      Spirit   .   (body armour unavailable)
rPois   .          Reflect  .   (helmet unavailable)
rElec   .          Harm     .   (cloak unavailable)
rCorr   .          Rampage  .   (gloves unavailable)
Will    .....                   (boots unavailable)
Stlth   +.........              (no amulet)
HPRegen 0.03/turn               (no ring)
MPRegen 0.08/turn               (no ring)

@: quick
A: very small, claws 1, fangs 3, see invisible, speed 1, shaggy fur 1, stealthy
paws, no weapons or thrown items, no armour, multi-lived
a: Renounce Religion, Berserk


You were on level 1 of the Dungeon.
You worshipped Trog.
Trog was aware of your devotion.
You visited 1 branch of the dungeon, and saw 1 of its levels.

You collected 11 gold pieces.

Inventory:

Potions
 a - a potion of heal wounds {unknown}


   Skills:
 + Level 3.0 Fighting
 + Level 4.1 Dodging
 + Level 3.0 Unarmed Combat


You couldn't memorise any spells.
You didn't know any spells.
Your spell library was empty.

Dungeon Overview and Level Annotations

Branches:
Dungeon (1/15)

Altars:


Innate Abilities, Weirdness & Mutations

You have sharp claws.
You have razor-sharp teeth.
You have supernaturally acute eyesight. (SInv)
You cover ground quickly. (Speed+)
You are covered in fur. (AC +1)
Your paws help you pounce on unaware monsters.
You are incapable of wielding weapons or throwing items.
You cannot wear armour.
You gain extra lives every three experience levels.


Message History

a - a golden potion
Found 6 stones.
Found an escape hatch in the floor.
A goblin comes into view.
It is wielding a +0 dagger. 2 jackals come into view.
The jackal barks!
You hear a bark!
A jackal comes into view.
You barely miss the goblin.
The jackal barks!
The goblin closely misses you.
You claw the goblin!
You kill the goblin!
Trog accepts your kill. The jackal barely misses you.
Things that are here:
a +0 dagger; a goblin corpse You claw the jackal!
You kill the jackal!
Trog accepts your kill. The jackal bites you.
The jackal bites you but does no damage.
You scratch the jackal but do no damage.
You bite the jackal, but do no damage. The jackal barely misses you.
The jackal completely misses you. The jackal bites you.
You scratch the jackal.
The jackal is heavily wounded.
The jackal bites you. x2
* * * LOW HITPOINT WARNING * * *
The jackal closely misses you.
You are too injured to fight recklessly!
The jackal attacks as you move away!
The jackal bites you but does no damage.
Things that are here:
a +0 dagger; a goblin corpse The jackal attacks as you move away!
The jackal misses you.
You scratch the jackal but do no damage.
The jackal misses you.
You scratch the jackal but do no damage.
The jackal closely misses you. The jackal bites you.
You die...

#.##........# ## #.
..##........# # #.
#.#....>..... #.
#.#..........
#.##.###........
####........####...
#........#### #.#
#.###....# #@##.#
#.###h##.##
#....h....#
#.........#
#.........#
#.........#
#...........
#.........###
#.........#


You could see 2 jackals.

Vanquished Creatures
  A jackal (D:1)
  A goblin (D:1)
2 creatures vanquished.

Notes
Turn   | Place    | Note
-------+----------+-------------------------------------------
     0 | D:1      | hawla the Felid Berserker began the quest for the Orb.
     0 | D:1      | Reached XP level 1. HP: 10/10 MP: 2/2
    91 | D:1      | Slain by a jackal

Illustrated notes

Levels and vault maps discovered:
D:1:      dpeg_arrival_snail, layout_loops_corners,
          hellmonk_ecumenical_altar_run_dry

Action                   || total
-------------------------++-------
Melee: Unarmed           ||     7
       Bite              ||     1
Armor: Skin              ||     2
Dodge: Dodged            ||     8
